 Dungeon Crawl Stone Soup version 0.23.2-1-ga50397a6bc (webtiles) character file.

Game seed: 12974414506306128421

185391 retnugl the Bludgeoner (level 17, -2/175 HPs)
             Began as a Troll Fighter on May 29, 2019.
             Was the Champion of Wu Jian.
             Slain by the 27-headed Lernaean hydra (7 damage)
             ... on level 4 of the Swamp.
             The game lasted 03:50:46 (36555 turns).

retnugl the Bludgeoner (Troll Fighter)             Turns: 36555, Time: 03:50:47

Health: -2/175     AC: 16    Str: 28    XL:     17   Next: 81%
Magic:  23/23      EV: 15    Int:  4    God:    Wu Jian [******]
Gold:   1485       SH:  0    Dex: 14    Spells: 14/16 levels left

rFire    . . .     SeeInvis .   j - +2 dire flail (crush)
rCold    + . .     Gourm    +   (shield currently unavailable)
rNeg     . . .     Faith    .   i - +0 swamp dragon scales
rPois    +         Spirit   .   h - +2 hat {MR+}
rElec    .         Reflect  .   m - scarf {cloud immunity}
rCorr    .         Harm     .   (gloves unavailable)
MR       +++..                  (boots unavailable)
Stlth    +.........             (no amulet)
HPRegen  0.79/turn              Z - ring of protection from magic
MPRegen  0.18/turn              U - ring of protection from cold

@: hasted, very quick
A: large, unfitting armour, claws 3, fast metabolism 3, gourmand, regeneration
1, shaggy fur 1, tough skin 3
a: Wall Jump, Serpent's Lash, Heavenly Storm, Renounce Religion


You were on level 4 of the Swamp.
You worshipped Wu Jian.
Wu Jian was exalted by your worship.
You were very full.

You visited 7 branches of the dungeon, and saw 33 of its levels.
You also visited: Ice Cave.

You collected 3378 gold pieces.
You spent 1893 gold pieces at shops.

Inventory:

Hand Weapons
 b - the +7 mace of Variability {chain chaos}
   (You acquired it on level 15 of the Dungeon)

   Each time it hits an enemy it has a different, random effect.
 j - a +2 dire flail of crushing (weapon)
 E - a +1 great mace of protection
Missiles
 y - 4 curare-tipped needles
 L - 8 large rocks (quivered)
Armour
 h - a +2 hat of magic resistance (worn)
 i - +0 swamp dragon scales (worn)
 m - a scarf of cloud immunity (worn)
 w - +2 fire dragon scales
 V - +4 storm dragon scales {Bai Suzhen}
Jewellery
 a - an uncursed ring of ice
 z - an uncursed ring of wizardry
 K - an uncursed amulet of faith
 N - an uncursed ring of resist corrosion
 T - an uncursed ring of positive energy
 U - a ring of protection from cold (right claw)
 Z - a ring of protection from magic (left claw)
Wands
 t - a wand of random effects (29)
 x - a wand of flame (3)
 F - a wand of polymorph (28)
 H - a wand of enslavement (4)
 I - a wand of digging (4)
 W - a wand of acid (3)
Scrolls
 c - 10 scrolls of remove curse
 d - 3 scrolls of silence
 e - a scroll of identify
 g - a scroll of summoning
 v - 5 scrolls of fog
 A - 4 scrolls of magic mapping
 B - a scroll of amnesia
 J - 3 scrolls of torment
 M - 8 scrolls of teleportation
 P - a scroll of vulnerability
 R - 2 scrolls of blinking
Potions
 k - 7 potions of brilliance
 l - a potion of might
 n - a potion of ambrosia
 o - 15 potions of curing
 p - 5 potions of flight
 q - 3 potions of heal wounds
 r - 3 potions of agility
 s - 6 potions of haste
 u - 3 potions of magic
 C - a potion of resistance
 O - 2 potions of invisibility
 Q - 2 potions of cancellation
Miscellaneous
 G - a box of beasts
Comestibles
 f - 31 rations


   Skills:
 + Level 12.8 Fighting
 * Level 18.4 Maces & Flails
 + Level 9.4 Armour
 + Level 10.9 Dodging
   Level 2.4 Shields
 + Level 9.7 Evocations


You had 14 spell levels left.
You knew the following spells:

 Your Spells              Type           Power        Failure   Level  Hunger
a - Apportation           Tloc           #.....       61%         1    ##.....
b - Summon Butterflies    Summ           #.......     61%         1    ##.....

Your spell library contained the following spells:

 Spells                   Type           Power        Failure   Level  Hunger
 Magic Dart               Conj           #...         61%         1    ##.....
 Sandblast                Erth           #.....       61%         1    ##.....
 Sting                    Conj/Pois      #...         61%         1    ##.....
 Passwall                 Tmut/Erth      #.......     75%         2    ###....
 Poisonous Vapours        Pois/Air       #.....       75%         2    ###....
 Searing Ray              Conj           #.....       75%         2    ###....
 Dazzling Spray           Conj/Hex       #.....       93%         3    ####...
 Lesser Beckoning         Tloc           #.........   93%         3    ####...
 Mephitic Cloud           Conj/Pois/Air  #.......     93%         3    ####...
 Stone Arrow              Conj/Erth      #.....       93%         3    ####...
 Tukima's Dance           Hex            #.......     93%         3    ####...
 Force Lance              Conj/Tloc      #.......     100%        4    #####..
 Fulminant Prism          Conj/Hex       #.........   100%        4    #####..
 Iskenderun's Mystic Bla  Conj           #.......     100%        4    #####..
 Leda's Liquefaction      Hex/Erth       #.........   100%        4    #####..
 Olgreb's Toxic Radiance  Pois           #.......     100%        4    #####..
 Petrify                  Tmut/Erth      #.......     100%        4    #####..
 Alistair's Intoxication  Tmut/Pois      #.......     100%        5    ######.
 Bolt of Magma            Conj/Fire/Erth #.........   100%        5    ######.
 Lee's Rapid Deconstruct  Erth           #.........   100%        5    ######.
 Venom Bolt               Conj/Pois      #.........   100%        5    ######.
 Invisibility             Hex            #.......     100%        6    #######
 Iron Shot                Conj/Erth      #.........   100%        6    #######
 Statue Form              Tmut/Erth      #........    100%        6    #######
 Shatter                  Erth           #.........   100%        9    #######


Dungeon Overview and Level Annotations

Branches:
Dungeon (15/15)            Temple (1/1) D:7            Lair (6/6) D:10
  Swamp (4/4) Lair:3       Spider (4/4) Lair:3        Slime (0/5) Lair:6
    Orc (2/2) D:12            Elf (1/3) Orc:2        Vaults (0/5) D:13
 Depths (0/5) D:15

Altars:
Ashenzari
Cheibriados
Dithmenos
Elyvilon
Fedhas
Gozag
Hepliaklqana
Kikubaaqudgha
Makhleb
Nemelex Xobeh
Okawaru
Qazlal
Ru
Sif Muna
Trog
Uskayaw
Vehumet
Wu Jian
Xom
Yredelemnul
Zin
The Shining One
Beogh

Shops:
D:4 }   D:9 [   Orc:2 (!(*

Annotations:
D:12 3 runed translucent doors
Lair:2 1 runed translucent door, u8823's ghost, journeyman DDFi
Lair:3 2 transporters, kumiokru's ghost, journeyman TrMo
Swamp:4 Lernaean hydra
Spider:1 2 runed translucent doors, Cartoonfrog's ghost, journeyman GrEE
Spider:4 3 runed translucent doors


Innate Abilities, Weirdness & Mutations

You are too large for most types of armour.
You have claws for hands.
Your metabolism is lightning-fast.
You like to eat raw meat.
Your natural rate of healing is unusually fast.
You are covered in fur. (AC +1)
You have extremely tough skin. (AC +3)


Message History

* * * LOW HITPOINT WARNING * * *
The 27-headed Lernaean hydra bites you.
* * * LOW HITPOINT WARNING * * *
The 27-headed Lernaean hydra misses you.
The 27-headed Lernaean hydra bites you!
* * * LOW HITPOINT WARNING * * *
The 27-headed Lernaean hydra barely misses you.
The 27-headed Lernaean hydra bites you but does no damage.
The 27-headed Lernaean hydra bites you.
* * * LOW HITPOINT WARNING * * *
The 27-headed Lernaean hydra bites you but does no damage.
The 27-headed Lernaean hydra bites you!
* * * LOW HITPOINT WARNING * * *
The 27-headed Lernaean hydra bites you.
* * * LOW HITPOINT WARNING * * *
The 27-headed Lernaean hydra bites you.
* * * LOW HITPOINT WARNING * * *
The 27-headed Lernaean hydra bites you but does no damage.
The 27-headed Lernaean hydra bites you!
You die...

≈≈♣≈≈.≈.≈≈≈≈.≈≈≈≈..≈.♣♣♣*≈..♣
≈♣♣♣♣....♣♣♣)≈≈≈.♣♣♣♣♣ *♣♣♣♣ .♣
♣♣.≈≈≈♣ ♣≈≈≈≈.♣ ♣♣♣♣..≈≈≈♣
♣♣....♣♣ ♣♣≈≈§..≈♣♣ ♣♣♣♣♣≈♣♣
.≈≈≈≈♣♣♣♣ ♣...♣ ..≈≈≈≈.♣ ♣♣♣≈♣♣
≈≈.≈≈≈.♣♣♣♣ ♣♣♣§..≈♣
♣♣♣≈..≈≈≈.♣♣♣.≈H@.♣♣
♣♣♣♣♣.≈≈≈....≈D♣♣ ♣≈♣.≈≈≈≈≈.†)†♣
♣♣ ♣....≈≈≈.....# ≈♣♣
♣....≈.≈≈.§≈.♣ ≈.♣♣♣..§♣♣.≈.≈#.♣♣
.≈♣♣≈.≈.♣♣≈≈≈....♣ **♣♣
.♣♣≈.≈≈≈..≈≈...≈≈♣♣♣♣(≈♣ *### **
≈♣♣..≈≈≈..§≈..≈≈♣♣♣.≈#**##≈≈##**≈


You could see the 27-headed Lernaean hydra and a friendly mature batweird beast.

Vanquished Creatures
  Bai Suzhen (Swamp:4)
  Arachne (Spider:1)
  Jorgrun (Swamp:1)
  A thorn hunter (Swamp:4)
  Gastronok (Lair:3)
  Roxanne (Swamp:1)
  An emperor scorpion (Spider:3)
  An ironheart preserver (D:13)
  Nessos (Orc:2)
  3 entropy weavers (Spider:2)
  A dire elephant (Lair:6)
  Snorg (Lair:6)
  2 blizzard demons (IceCv)
  A yaktaur captain (D:15)
  A fire dragon (Lair:6)
  18 hydras
  Erica (D:10)
  A shambling mangrove (Swamp:1)
  A ghost crab (Swamp:3)
  A centaur warrior (D:15)
  5 two-headed ogres
  15 alligators
  6 death yaks (Lair:5)
  A death knight (D:13)
  2 tengu warriors (D:15)
  3 orc high priests (Orc:2)
  5 skeletal warriors (D:15)
  3 unseen horrors
  10 swamp dragons
  A wolf spider zombie (D:15)
  A wizard (D:15)
  6 orc knights
  5 orc sorcerers
  2 phantasmal warriors (D:13)
  8 deep elf magi
  13 orb spiders
  16 wolf spiders
  A necromancer (D:15)
  A salamander (shapeshifter) (D:14)
  A manticore (D:11)
  10 ugly things
  3 cyclopes
  7 elephants (Lair:6)
  7 black mambas
  An ice statue (IceCv)
  4 centaur zombies
  A guardian serpent (Lair:6)
  A torpor snail (Spider:2)
  A gargoyle (D:12)
  23 spiny frogs
  2 rime drakes
  6 demonic crawlers
  8 komodo dragons
  5 freezing wraiths
  A golden dragon simulacrum (IceCv)
  4 ice devils (IceCv)
  3 anaconda simulacra (IceCv)
  30 jumping spiders
  3 trolls
  14 tyrant leeches
  A jumping spider (shapeshifter) (D:15)
  A polar bear (Lair:6)
  2 wolf spider simulacra (IceCv)
  21 hornets
  25 blink frogs
  29 slime creatures
  10 bog bodies
  A harpy skeleton (D:15)
  7 dream sheep (Lair:6)
  7 hippogriffs
  2 meliai zombies
  45 redbacks
  9 spriggans
  3 dire elephant simulacra (IceCv)
  16 tarantellas
  A wraith (D:13)
  15 wyverns
  47 yaks
  A hungry ghost (D:9)
  Grum (D:8)
  2 steam dragons (Lair:6)
  5 basilisks
  A death yak simulacrum (IceCv)
  13 vampire mosquitoes
  3 wargs (Orc:1)
  2 harpy simulacra (IceCv)
  An iron troll simulacrum (IceCv)
  9 insubstantial wisps
  Edmund (D:4)
  23 swamp worms
  18 water moccasins
  A soldier ant (D:13)
  5 acid dragons
  4 hydra simulacra (IceCv)
  6 porcupines
  Duvessa (D:7)
  28 orc warriors
  11 swamp drakes
  2 hornet zombies (D:15)
  An alligator simulacrum (IceCv)
  An ettin simulacrum (IceCv)
  2 phantoms
  A sky beast (D:11)
  2 ice beasts
  An eye of draining (D:15)
  A black bear (D:10)
  2 necrophages
  11 ogres
  10 wolves
  5 centaurs
  20 crocodiles
  A gnoll sergeant (Orc:1)
  16 bullfrogs
  Dowan (D:7)
  6 scorpions
  An elephant simulacrum (IceCv)
  A swamp dragon simulacrum (IceCv)
  15 killer bees
  2 howler monkeys
  5 crimson imps
  4 draconian simulacra (IceCv)
  4 jellies
  19 orc priests
  2 bullfrog skeletons
  8 hounds
  23 orc wizards
  5 centaur skeletons
  6 iguanas
  9 worker ants
  2 spriggan simulacra (IceCv)
  2 troll simulacra (IceCv)
  A centaur simulacrum (IceCv)
  2 hound skeletons
  A howler monkey zombie (D:7)
  2 worker ant zombies
  10 adders
  9 gnolls
  7 naga simulacra (IceCv)
  3 ogre simulacra (IceCv)
  5 shadow imps
  6 white imps (IceCv)
  5 ufetubi (IceCv)
  4 oozes
  3 adder zombies
  3 worms
  A dart slug (D:3)
  12 leopard geckos
  66 orcs
  4 giant cockroaches
  7 goblins
  5 hobgoblins (D:2)
  2 jackals (D:3)
  5 quokkas
  A ball python skeleton (D:5)
  10 bats
  4 frilled lizards
  12 kobolds
  2 quokka skeletons
  2 quokka zombies
  10 rats
  A plant (D:1)
1053 creatures vanquished.

Vanquished Creatures (collateral kills)
  A jumping spider (Spider:1)
1 creature vanquished.

Vanquished Creatures (others)
  A spriggan (Swamp:3)
  A wolf spider (Spider:1)
  A jumping spider (Spider:1)
  A hornet (Swamp:3)
  4 redbacks
  A tarantella (Spider:3)
  A swamp worm (Swamp:3)
  2 orc priests
  An orc (Orc:2)
  2 briar patches (Swamp:4)
  20 fungi
  30 plants
  2 withered plants (Lair:2)
67 creatures vanquished.

Grand Total: 1121 creatures vanquished

Notes
Turn   | Place    | Note
-------+----------+-------------------------------------------
     0 | D:1      | retnugl the Troll Fighter began the quest for the Orb.
     0 | D:1      | Reached XP level 1. HP: 22/22 MP: 0/0
   131 | D:1      | Reached skill level 2 in Maces & Flails
   217 | D:1      | Reached XP level 2. HP: 25/29 MP: 1/1
   828 | D:2      | Reached XP level 3. HP: 36/36 MP: 2/2
   872 | D:2      | Reached skill level 1 in Armour
   984 | D:2      | Reached skill level 3 in Maces & Flails
  1104 | D:2      | Reached XP level 4. HP: 44/44 MP: 3/3
  1980 | D:3      | Reached XP level 5. HP: 44/53 MP: 4/4
  2361 | D:4      | Reached skill level 4 in Maces & Flails
  2425 | D:4      | Noticed Edmund
  2436 | D:4      | Killed Edmund
  2436 | D:4      | Reached XP level 6. HP: 61/61 MP: 5/5
  2675 | D:4      | Reached skill level 5 in Maces & Flails
  2923 | D:4      | Found Vipecing's Gadget Shoppe.
  2966 | D:5      | Entered Level 5 of the Dungeon
  3114 | D:5      | Reached XP level 7. HP: 64/68 MP: 6/6
  3565 | D:6      | Found a white marble altar of Elyvilon.
  3621 | D:6      | Found an ornate altar of the Wu Jian Council.
  3629 | D:6      | Became a worshipper of the Wu Jian Council
  3717 | D:6      | Got an iridescent spear
  3927 | D:6      | Reached skill level 6 in Maces & Flails
  4199 | D:7      | Noticed a yak
  4200 | D:7      | Noticed a yak
  4200 | D:7      | Noticed a yak
  4213 | D:6      | Killed a yak
  4213 | D:6      | Reached XP level 8. HP: 79/79 MP: 7/7
  4315 | D:7      | Reached skill level 5 in Fighting
  4315 | D:7      | Reached skill level 7 in Maces & Flails
  4381 | D:7      | Noticed Harold
  4540 | D:7      | Noticed Harold
  4540 | D:7      | Harold changed into Harold the swamp worm
  4570 | D:7      | Killed Harold the swamp worm
  4688 | D:7      | Noticed a hippogriff
  4699 | D:7      | Killed a hippogriff
  4739 | D:7      | Reached XP level 9. HP: 79/88 MP: 8/8
  4811 | D:7      | Found a staircase to the Ecumenical Temple.
  4822 | Temple   | Entered the Ecumenical Temple
  4959 | D:7      | Noticed Duvessa
  4959 | D:7      | Noticed Dowan
  4988 | D:7      | Killed Duvessa
  4988 | D:7      | Reached skill level 8 in Maces & Flails
  5008 | D:7      | Killed Dowan
  5090 | D:7      | Reached * piety under Wu Jian
  5093 | D:7      | Found a shadowy altar of Dithmenos.
  5305 | D:8      | Found a glowing silver altar of Zin.
  5459 | D:8      | Reached skill level 5 in Armour
  6084 | D:8      | Noticed Grum
  6111 | D:8      | HP: 4/88 [Grum/-2 spear of flaming (8)]
  6287 | D:8      | Reached skill level 9 in Maces & Flails
  6371 | D:8      | Killed Grum
  6623 | D:8      | Identified the +7 spear "Axzorphe" {venom, rF+ rC+} (You
                  | found it on level 6 of the Dungeon)
  6695 | D:9      | Found an iron altar of Okawaru.
  6695 | D:9      | Found a shattered altar of Ashenzari.
  6695 | D:9      | Found a deep blue altar of Sif Muna.
  6697 | D:9      | Found a hide-covered altar of Uskayaw.
  6697 | D:9      | Found a stormy altar of Qazlal.
  6700 | D:9      | Found a white marble altar of Elyvilon.
  6701 | D:9      | Found a radiant altar of Vehumet.
  6746 | D:9      | Reached ** piety under Wu Jian
  6779 | D:9      | Noticed a two-headed ogre
  6789 | D:9      | Killed a two-headed ogre
  6789 | D:9      | Reached XP level 10. HP: 70/99 MP: 9/9
  7027 | D:9      | Found Toit's Armour Boutique.
  7556 | D:10     | Entered Level 10 of the Dungeon
  7652 | D:10     | Reached skill level 10 in Maces & Flails
  7751 | D:10     | Found a staircase to the Lair.
  7869 | D:10     | Noticed Erica
  7891 | D:10     | Killed Erica
  7951 | D:10     | Noticed a two-headed ogre
  7988 | D:10     | Killed a two-headed ogre
  8374 | Lair:1   | Entered Level 1 of the Lair of Beasts
  8379 | Lair:1   | Noticed a spiny frog
  8387 | Lair:1   | Killed a spiny frog
  8387 | Lair:1   | Reached skill level 11 in Maces & Flails
  8495 | Lair:1   | Reached XP level 11. HP: 109/109 MP: 10/10
  8735 | Lair:1   | Reached *** piety under Wu Jian
  9325 | Lair:2   | Reached skill level 1 in Evocations
  9632 | Lair:2   | Reached skill level 12 in Maces & Flails
  9854 | Lair:2   | Found a runed translucent door.
  9854 | Lair:2   | Noticed u8823's ghost (journeyman DDFi)
 10345 | Lair:3   | Noticed Gastronok
 10349 | Lair:3   | Killed Gastronok
 10397 | Lair:3   | Found a hole to the Spider Nest.
 10413 | Lair:3   | Reached XP level 12. HP: 122/122 MP: 13/13
 10473 | Lair:3   | Noticed a death yak
 10476 | Lair:3   | Found a transporter.
 10476 | Lair:3   | Noticed kumiokru's ghost (journeyman TrMo)
 10567 | Lair:3   | Learned a level 1 spell: Apportation
 10569 | Lair:3   | Learned a level 1 spell: Summon Butterflies
 10578 | Lair:3   | You fall through a shaft for 3 floors!
 10578 | Lair:6   | Entered Level 6 of the Lair of Beasts
 10586 | Lair:6   | Got a shimmering robe
 10636 | Lair:6   | Noticed an eight-headed hydra
 10648 | Lair:6   | Killed an eight-headed hydra
 10849 | Lair:6   | Reached skill level 13 in Maces & Flails
 10902 | Lair:6   | Reached **** piety under Wu Jian
 10929 | Lair:6   | Reached skill level 5 in Dodging
 11540 | Lair:5   | Reached XP level 13. HP: 129/131 MP: 15/15
 12091 | Lair:6   | Noticed a dire elephant
 12122 | Lair:6   | Killed a dire elephant
 12194 | Lair:6   | Reached skill level 5 in Evocations
 12207 | Lair:6   | Reached skill level 14 in Maces & Flails
 12223 | Lair:6   | Found a staircase to the Slime Pits.
 12271 | Lair:6   | Noticed Snorg
 12279 | Lair:6   | Killed Snorg
 12737 | Lair:5   | Reached skill level 10 in Fighting
 12926 | Lair:5   | Reached ***** piety under Wu Jian
 14871 | Lair:6   | Noticed a fire dragon
 14885 | Lair:6   | Killed a fire dragon
 14885 | Lair:6   | Reached XP level 14. HP: 127/144 MP: 17/17
 15948 | D:12     | Reached skill level 15 in Maces & Flails
 16422 | D:12     | Found a staircase to the Orcish Mines.
 16728 | D:12     | Found a runed translucent gate.
 16728 | D:12     | Found a runed translucent gate.
 16729 | D:12     | Noticed a white very ugly thing
 16731 | D:12     | Noticed a brown very ugly thing
 16731 | D:12     | Found a runed translucent gate.
 16878 | Orc:1    | Entered Level 1 of the Orcish Mines
 17298 | Orc:1    | Found a bloodstained altar of Trog.
 17377 | Orc:1    | Reached ****** piety under Wu Jian
 17566 | Orc:2    | Entered Level 2 of the Orcish Mines
 17686 | Orc:2    | Found a roughly hewn altar of Beogh.
 17739 | Orc:2    | Noticed Nessos
 17866 | Orc:2    | Killed Nessos
 18151 | Orc:2    | Found a staircase to the Elven Halls.
 18434 | Orc:2    | Found Soicyosi's Weapon Shop.
 18434 | Orc:2    | Found Vesawun's General Store.
 18573 | Orc:2    | Found Taob's Distillery.
 18573 | Orc:2    | Found Dume's Weapon Shoppe.
 18589 | Orc:2    | Bought a +1 great mace of protection for 177 gold pieces
 18591 | Orc:2    | Bought a potion of agility for 64 gold pieces
 18595 | Orc:2    | Bought a scroll of silence for 90 gold pieces
 18595 | Orc:2    | Bought a scroll of magic mapping for 42 gold pieces
 18603 | Orc:2    | Bought 2 potions of might for 128 gold pieces
 18603 | Orc:2    | Bought a potion of heal wounds for 80 gold pieces
 18603 | Orc:2    | Bought a potion of haste for 160 gold pieces
 19304 | D:13     | Found a glowing golden altar of the Shining One.
 19710 | D:13     | Found a gate to the Vaults.
 19710 | D:13     | Noticed an ironheart preserver
 19716 | D:13     | Killed an ironheart preserver
 19792 | D:13     | Reached XP level 15. HP: 152/153 MP: 19/19
 20169 | D:13     | Reached skill level 16 in Maces & Flails
 21396 | D:15     | Entered Level 15 of the Dungeon
 22503 | D:15     | Found a deep blue altar of Sif Muna.
 22825 | D:15     | Found a staircase to the Depths.
 23233 | D:15     | Identified a scroll of acquirement
 23235 | D:15     | Found the +7 mace of Variability {chain chaos}
 23448 | D:9      | Bought +2 fire dragon scales for 1152 gold pieces
 23636 | Elf:1    | Entered Level 1 of the Elven Halls
 24203 | Lair:3   | Found a staircase to the Swamp.
 24387 | Lair:3   | Found a transporter.
 24588 | Spider:1 | Entered Level 1 of the Spider Nest
 24686 | Spider:1 | Found a frozen archway.
 24704 | IceCv    | Entered an ice cave
 25909 | IceCv    | Got a pitted fustibalus
 25943 | IceCv    | Identified the cursed +3 fustibalus of the Hawk {velocity,
                  | rPois MR- Stlth+} (You found it in an ice cave)
 26582 | Spider:1 | Found a large runed translucent door.
 26583 | Spider:1 | Found a large runed translucent door.
 26585 | Spider:1 | Noticed Cartoonfrog's ghost (journeyman GrEE)
 26885 | Spider:1 | Reached XP level 16. HP: 147/165 MP: 21/21
 27232 | Spider:2 | Reached skill level 17 in Maces & Flails
 27582 | Spider:2 | Noticed Arachne
 27599 | Spider:1 | Killed Arachne
 29997 | Spider:2 | Reached skill level 10 in Dodging
 30694 | Spider:4 | Entered Level 4 of the Spider Nest
 30717 | Spider:4 | Found a runed translucent gate.
 30717 | Spider:4 | Found a runed translucent gate.
 30717 | Spider:4 | Found a runed translucent gate.
 30843 | Swamp:1  | Entered Level 1 of the Swamp
 31221 | Swamp:1  | Noticed Roxanne
 31903 | Swamp:1  | Noticed Jorgrun
 32031 | Swamp:1  | Killed Jorgrun
 32031 | Swamp:1  | Reached XP level 17. HP: 156/174 MP: 22/22
 32359 | Swamp:1  | Killed Roxanne
 33577 | Swamp:2  | You fall through a shaft!
 33850 | Swamp:3  | Reached skill level 18 in Maces & Flails
 35543 | Swamp:4  | Entered Level 4 of the Swamp
 36015 | Swamp:4  | Noticed Bai Suzhen
 36123 | Swamp:4  | Killed Bai Suzhen
 36537 | Swamp:4  | Noticed the 27-headed Lernaean hydra
 36555 | Swamp:4  | HP: 5/175 [the 27-headed Lernaean hydra (6)]
 36555 | Swamp:4  | Slain by the 27-headed Lernaean hydra

Skill      XL: |  1  2  3  4  5  6  7  8  9 10 11 12 13 14 15 16 17 |
---------------+----------------------------------------------------+-----
Maces & Flails | 2 3 4 5 6 7 9 11 12 13 14 15 16 17 18 | 18.4
Armour         | 1 2 3 4 5 7 8 9 |  9.4
Fighting       | 3 4 5 6 7 8 9 10 11 12 | 12.8
Evocations     | 2 4 6 7 8 9 |  9.7
Dodging        | 4 5 7 8 9 10 | 10.9
Shields        | |  2.4

Action                   |  1- 3 |  4- 6 |  7- 9 | 10-12 | 13-15 | 16-18 || total
-------------------------+-------+-------+-------+-------+-------+-------++-------
Melee: Flail             |   142 |   227 |   511 |   147 |       |       ||  1027
       Dire flail        |       |       |       |   514 |  1920 |  1441 ||  3875
Throw: Stone             |     5 |       |     3 |     4 |       |       ||    12
       Tomahawk          |       |    19 |    24 |    10 |    38 |       ||    91
       Javelin           |       |       |    16 |    24 |       |       ||    40
       Throwing net      |       |       |       |     3 |       |     2 ||     5
       Large rock        |       |       |       |       |    56 |    34 ||    90
Invok: Lunge             |       |       |     8 |    11 |    52 |    22 ||    93
       Whirlwind         |       |       |     3 |    94 |   432 |   365 ||   894
       Serpent's Lash    |       |       |       |     6 |    25 |    26 ||    57
       Heavenly Storm    |       |       |       |       |       |     1 ||     1
 Abil: Wall Jump         |       |       |     1 |    49 |   158 |   108 ||   316
Evoke: Wand              |       |     1 |     4 |     8 |    45 |    34 ||    92
       Box of beasts     |       |       |       |       |       |     1 ||     1
  Use: Scroll            |     2 |     7 |     9 |     5 |    10 |    17 ||    50
       Potion            |       |     1 |     5 |     4 |     1 |    10 ||    21
 Stab: Invisible         |       |       |       |     2 |       |     5 ||     7
       Paralysed         |       |       |       |       |     5 |       ||     5
       Held in net/web   |       |       |       |       |       |     1 ||     1
       Confused          |       |       |       |       |       |     3 ||     3
       Distracted        |       |       |       |       |       |     1 ||     1
  Eat: Chunk             |    16 |    18 |    37 |    45 |   125 |    79 ||   320
       Ration            |       |       |       |     2 |     3 |     7 ||    12
Armor: Swamp dragon scal |    62 |   108 |   221 |   186 |   297 |   524 ||  1398
       Skin              |       |       |    76 |       |       |       ||    76
       Robe              |       |       |       |       |    40 |       ||    40
Dodge: Dodged            |    51 |    62 |   118 |   201 |   540 |   772 ||  1744
Block: Shield            |    60 |    99 |   255 |    40 |       |       ||   454
